 Dungeon Crawl Stone Soup version 0.30-a0-469-g84de5afbc5 (webtiles) character file.

Game seed: 14137210833618979245

27667 Bnni the Jinx (level 13, -5/101 HPs)
             Began as a Formicid Hexslinger on Dec 19, 2022.
             Was a High Priest of Okawaru.
             Slain by a boulder beetle (37 damage)
             ... on level 13 of the Dungeon on Dec 20, 2022.
             The game lasted 01:00:25 (20031 turns).

Bnni the Jinx (Formicid Hexslinger)                Turns: 20031, Time: 01:00:26

Health: -5/101     AC: 11    Str: 15    XL:     13   Next: 67%
Magic:  2/23       EV: 11    Int: 18    God:    Okawaru [*****.]
Gold:   464        SH:  5    Dex: 17    Spells: 3/25 levels left

rFire   + . .      SeeInvis +    M - +2 sling (freeze)
rCold   + . .      Faith    .    t - orb {guile}
rNeg    + . .      Spirit   .    w - +0 acid dragon scales
rPois   .          Reflect  +    (helmet unavailable)
rElec   .          Harm     .    x - +0 cloak
rCorr   +          Rampage  .    z - +2 pair of gloves {Dex+3}
Will    .....                    (no boots)
Stlth   +.........               n - amulet of reflection
HPRegen 0.36/turn                O - ring of protection from fire
MPRegen 0.18/turn                L - ring of Ruqoxt {rC+ rN+ rCorr}

@: no status effects
A: permanent stasis, dig shafts and tunnels, antennae 3, four strong arms
a: Dig, Shaft Self, Renounce Religion, Heroism, Finesse, Duel


You were on level 13 of the Dungeon.
You worshipped Okawaru.
Okawaru was extremely pleased with you.
You visited 2 branches of the dungeon, and saw 14 of its levels.
You also visited: Sewer and Ossuary.

You collected 809 gold pieces.
You spent 345 gold pieces at shops.

Inventory:

Hand Weapons
 a - a +0 scimitar of flaming
 M - a +2 sling of freezing (weapon)
Missiles
 B - 6 curare-tipped darts
Armour
 c - a +2 crystal plate armour
 d - +0 swamp dragon scales
 t - an orb of guile (worn)
 w - +0 acid dragon scales (worn)
 x - a +0 cloak (worn)
 z - a +2 pair of gloves of dexterity (worn)
Jewellery
 f - a ring of flight
 n - an amulet of reflection (around neck)
 p - a ring of poison resistance
 L - the ring of Ruqoxt (right hand) {rC+ rN+ rCorr}
   (You found it on level 10 of the Dungeon)

   [ring of resist corrosion]

   rC:        It protects you from cold.
   rN:        It protects you from negative energy.
   rCorr:     It protects you from acid and corrosion.
 O - a ring of protection from fire (left hand)
Wands
 j - a wand of roots (21)
 y - a wand of polymorph (10)
 A - a wand of flame (3)
 I - a wand of paralysis (24)
 J - a wand of mindburst (21)
 N - a wand of digging (3)
Scrolls
 b - a scroll of poison
 e - 2 scrolls of identify
 h - 4 scrolls of vulnerability {unknown}
 i - 3 scrolls of fear {unknown}
 k - 4 scrolls of enchant armour
 m - 3 scrolls of brand weapon
 o - 2 scrolls of amnesia
 r - 2 scrolls of silence
 D - 2 scrolls of fog
 F - a scroll of magic mapping
 G - 2 scrolls of enchant weapon
Potions
 g - 3 potions of curing
 l - 7 potions of flight {unknown}
 q - 5 potions of brilliance {unknown}
 s - a potion of cancellation
 u - 2 potions of invisibility
 v - 5 potions of degeneration {unknown}
 C - 2 potions of resistance
 E - 3 potions of magic
 H - a potion of lignification
 K - a potion of mutation {unknown}


   Skills:
 + Level 9.5 Fighting
 * Level 12.4 Ranged Weapons
 - Level 5.0 Armour
 - Level 1.7 Dodging
 + Level 6.8 Spellcasting
 * Level 14.8 Hexes
 - Level 4.0 Necromancy
 - Level 3.0 Fire Magic
 + Level 7.1 Invocations


You had 3 spell levels left.
You knew the following spells:

 Your Spells              Type           Power      Damage    Failure   Level
a - Slow                  Hex            100%       N/A       1%          1
b - Inner Flame           Hex/Fire       38%        N/A       1%          3
c - Portal Projectile     Hex/Tloc       64%        N/A       2%          3
d - Cause Fear            Hex            28%        N/A       1%          4
e - Enfeeble              Hex            28%        N/A       28%         7
h - Anguish               Hex/Necr       20%        N/A       3%          4

Your spell library contained the following spells:

 Spells                   Type           Power      Damage    Failure   Level
 Sting                    Tmut/Pois      24%        1d4       16%         1
 Poisonous Vapours        Pois/Air       12%        N/A       22%         2
 Metabolic Englaciation   Hex/Ice        16%        N/A       21%         5
 Airstrike                Air            3%         2d(1-17)  83%         4
 Olgreb's Toxic Radiance  Pois           6%         N/A       83%         4
 Petrify                  Tmut/Erth      6%         N/A       83%         4
 Lightning Bolt           Conj/Air       3%         1d14      99%         5
 Statue Form              Tmut/Erth      4%         N/A       100%        6
 Borgnjor's Revivificati  Necr           10%        N/A       100%        8
 Necromutation            Tmut/Necr      6%         N/A       100%        8
 Death's Door             Necr           10%        N/A       100%        9
 Summon Lightning Spire   Summ/Air       Unusable   N/A       N/A         4

Dungeon Overview and Level Annotations

Branches:
Dungeon (13/15)            Temple (1/1) D:7            Lair (0/5) D:11
    Orc (0/2) D:10          Sewer (visited)         Ossuary (visited)
 Vaults: D:13-14

Altars:
Ashenzari
Cheibriados
Dithmenos
Elyvilon
Fedhas
Gozag
Hepliaklqana
Kikubaaqudgha
Makhleb
Nemelex Xobeh
Okawaru
Qazlal
Ru
Sif Muna
Trog
Uskayaw
Vehumet
Wu Jian
Xom
Yredelemnul
Zin
The Shining One

Shops:
D:1 [   D:2 *   D:7 (=   D:10 ::   D:12 =


Innate Abilities, Weirdness & Mutations

You cannot be hasted, slowed, berserked, paralysed or teleported.
You can dig through walls and to a lower floor.
You have a pair of large antennae on your head. (SInv)
Your four strong arms can wield two-handed weapons with a shield.


Message History

Press: ? - help, Shift-Dir - straight line, f/p - boulder beetle
Aim: a boulder beetle (severely wounded, inner flame, anguished, 92% to hit)
You shoot a sling bullet.
The sling bullet hits the boulder beetle but does no damage.
The boulder beetle is severely wounded.
The boulder beetle leaps!
Casting: Cause Fear (safe; 1% risk of failure)
Confirm with . or Enter, or press ? or * to list all spells.
Aiming: Slow (safe; 1% risk of failure)
Press: ? - help, Shift-Dir - straight line, f/p - boulder beetle
Aim: a boulder beetle (severely wounded, inner flame, anguished, chance to affect: 73%)
The boulder beetle seems to slow down.
The boulder beetle curls into a ball and begins rolling!
Casting: Slow (safe; 1% risk of failure)
Confirm with . or Enter, or press ? or * to list all spells.
Casting: Cause Fear (safe; 1% risk of failure)
Press: ? - help, Dir - look around, f - activate The boulder beetle resists with some effort.
Unknown command.
You feel better. The boulder beetle barely misses you.
The boulder beetle stops rolling and uncurls.
You shoot a sling bullet.
The sling bullet hits the boulder beetle but does no damage.
The boulder beetle is severely wounded.
The boulder beetle's inner flame fades away.
Unknown command.
You shoot a sling bullet.
The sling bullet hits the boulder beetle but does no damage.
The boulder beetle is severely wounded.
The boulder beetle bites you!
* * * LOW HITPOINT WARNING * * *
The boulder beetle is wracked by anguish!
Unknown command.
You block the boulder beetle's attack.
The boulder beetle curls into a ball and begins rolling!
The boulder beetle is no longer haunted by guilt.
There is an open door, spattered with blood here.
There's a creature in the doorway!
The boulder beetle hits you!!!
You die...

....#...#....$..#
....#...#.......#
........#.......#
.....[.#.......#
.....#.......#
#######...#.......#
#.....#...#.......#
#.....#...B.......+
#..<..#..°#@......#
#..†..#..°#.......#
#.........#.......#
#.........#>......#
#.........#.......#
#.........#<......#
####+##############


You could see a boulder beetle (rolling, slow).

Vanquished Creatures
  Fannar (D:12)
  A rakshasa (D:12)
  2 boulder beetles
  A two-headed ogre (D:9)
  The ghost of Wizop the Nimble, a novice MfAr of Gozag (D:9)
  4 lindwurms (D:8)
  Pikel (D:4)
  A deep elf pyromancer (D:12)
  2 ugly things
  A cyclops (D:12)
  A salamander (shapeshifter) (D:11)
  2 manticores (D:11)
  Maurice (D:8)
  An unseen horror (D:10)
  Maggie (D:8)
  A gargoyle (D:12)
  2 komodo dragons
  5 trolls
  6 slime creatures (D:12)
  A hornet (D:8)
  Grinder (D:4)
  The ghost of Smoky173 the Caller, an amateur TeSu of Gozag (D:4)
  Sigmund (D:5)
  A shadow (D:10)
  4 wyverns
  3 wraiths
  Eustachio (D:5)
  A basilisk (D:12)
  3 fire elementals (D:12)
  30 yaks
  Grum (D:8)
  6 steam dragons
  2 wargs (D:10)
  An acid dragon (D:7)
  A water moccasin (D:6)
  Duvessa (D:4)
  5 hell hounds (D:12)
  4 orc warriors
  A sky beast (D:6)
  2 black bears
  2 ice beasts
  2 ogres
  4 wolves (D:8)
  4 centaurs
  6 kobold brigands
  6 bullfrogs
  Blork the orc (D:4)
  3 necrophages
  A gnoll sergeant (D:12)
  11 scorpions
  Dowan (D:4)
  10 wights
  6 killer bees (D:9)
  2 howler monkeys
  5 electric eels (D:12)
  3 human zombies (Ossuary)
  2 centaur zombies (Ossuary)
  2 quasits (D:6)
  3 hounds
  7 orc priests
  3 iguanas
  4 scorpion zombies (Ossuary)
  7 orc wizards
  3 mummies (Ossuary)
  4 gnolls (D:12)
  8 adders
  2 river rats (Sewer)
  A shadow imp (D:6)
  2 white imps (D:6)
  4 ufetubi (D:6)
  4 worms
  4 dart slugs
  23 orcs
  17 ball pythons
  6 bats
  11 endoplasms
  9 giant cockroaches
  4 goblins
  10 hobgoblins
  4 jackals
  21 kobolds
  2 quokkas (D:5)
  6 frilled lizards
  4 gnoll zombies (Ossuary)
  2 goblin zombies (Ossuary)
  3 hobgoblin zombies (Ossuary)
  4 kobold zombies (Ossuary)
  11 rats
  2 rat zombies (D:6)
  A butterfly (D:7)
373 creatures vanquished.

Vanquished Creatures (others)
  Azrael (D:12)
  A wraith (D:10)
  A bullfrog (D:7)
  An electric eel (D:12)
  2 demonic plants (D:6)
  19 plants
25 creatures vanquished.

Grand Total: 398 creatures vanquished

Notes
Turn   | Place    | Note
-------+----------+-------------------------------------------
     0 | D:1      | Bnni the Formicid Hexslinger began the quest for the Orb.
     0 | D:1      | Reached XP level 1. HP: 15/15 MP: 2/2
    76 | D:1      | Reached XP level 2. HP: 10/21 MP: 1/3
   422 | D:1      | Reached skill level 4 in Hexes
   468 | D:1      | Found Qaoh's Armour Emporium.
   665 | D:1      | Reached XP level 3. HP: 26/26 MP: 5/5
   731 | D:1      | Learned a level 3 spell: Inner Flame
  1000 | D:2      | Found Gubbilo's Assorted Antiques.
  1031 | D:2      | Reached skill level 1 in Fire Magic
  1124 | D:2      | Reached XP level 4. HP: 32/32 MP: 6/6
  2026 | D:3      | Reached XP level 5. HP: 33/38 MP: 7/7
  2084 | D:3      | Found a stormy altar of Qazlal.
  2084 | D:3      | Found a shimmering altar of Xom.
  2085 | D:3      | Found a shimmering blue altar of Sif Muna.
  2109 | D:3      | Noticed a black bear
  2175 | D:3      | Killed a black bear
  2416 | D:3      | Reached XP level 6. HP: 44/44 MP: 9/9
  2544 | D:1      | Bought an orb of guile for 130 gold pieces
  2866 | D:3      | Reached skill level 5 in Hexes
  2936 | D:3      | Found a faded altar of an unknown god.
  3060 | D:4      | Noticed Grinder
  3078 | D:4      | Killed Grinder
  3079 | D:4      | Reached XP level 7. HP: 48/51 MP: 4/11
  3150 | D:4      | Learned a level 4 spell: Cause Fear
  3316 | D:4      | Found a glowing drain.
  3320 | Sewer    | Entered a sewer
  3372 | Sewer    | Reached skill level 6 in Hexes
  4613 | D:4      | Noticed Dowan
  4615 | D:4      | Noticed Duvessa
  4628 | D:4      | Killed Dowan
  4629 | D:4      | Reached XP level 8. HP: 39/58 MP: 1/12
  4645 | D:4      | Killed Duvessa
  4646 | D:4      | Reached skill level 5 in Ranged Weapons
  5126 | D:4      | Reached skill level 7 in Hexes
  5138 | D:4      | Noticed Blork the orc
  5149 | D:4      | Killed Blork the orc
  5308 | D:4      | Found a large runed translucent door.
  5308 | D:4      | Found a large runed translucent door.
  5308 | D:4      | Noticed Smoky173's ghost (amateur TeSu)
  5745 | D:4      | Killed Smoky173's ghost
  5934 | D:5      | Entered Level 5 of the Dungeon
  5951 | D:5      | Noticed Eustachio
  5958 | D:5      | Killed Eustachio
  5959 | D:5      | Reached skill level 8 in Hexes
  5959 | D:5      | Reached XP level 9. HP: 66/66 MP: 8/13
  6185 | D:5      | Noticed Pikel
  6249 | D:4      | Killed Pikel
  6250 | D:4      | Reached skill level 5 in Fighting
  6250 | D:4      | Reached skill level 9 in Hexes
  6376 | D:5      | Noticed Sigmund
  6384 | D:5      | Killed Sigmund
  6942 | D:6      | Found a sand-covered staircase.
  7009 | Ossuary  | Entered an ossuary
  7061 | Ossuary  | Reached skill level 10 in Hexes
  7061 | Ossuary  | Reached XP level 10. HP: 73/76 MP: 8/14
  7193 | Ossuary  | Reached skill level 1 in Necromancy
  7402 | Ossuary  | Learned a level 3 spell: Portal Projectile
  7919 | D:6      | Reached skill level 11 in Hexes
  8263 | D:6      | Found an ornate altar of the Wu Jian Council.
  8333 | D:6      | Learned a level 4 spell: Anguish
  8408 | D:7      | Found Arus's Jewellery Shoppe.
  8612 | D:7      | Found Puompoedd's Weapon Shoppe.
  9289 | D:7      | Found a staircase to the Ecumenical Temple.
  9295 | Temple   | Entered the Ecumenical Temple
  9496 | Temple   | Became a worshipper of Warmaster Okawaru
  9591 | D:7      | Reached * piety under Okawaru
  9592 | D:7      | Reached skill level 1 in Invocations
  9753 | D:7      | Reached skill level 1 in Armour
 10063 | D:8      | Reached XP level 11. HP: 84/84 MP: 8/16
 10156 | D:8      | Noticed Maurice
 10170 | D:8      | Killed Maurice
 10685 | D:8      | Reached ** piety under Okawaru
 10853 | D:8      | Noticed Maggie
 10901 | D:8      | Killed Maggie
 11051 | D:8      | Noticed a lindwurm
 11054 | D:8      | Noticed a lindwurm
 11055 | D:8      | Noticed a lindwurm
 11060 | D:8      | Noticed a lindwurm
 11069 | D:8      | Killed a lindwurm
 11069 | D:8      | Killed a lindwurm
 11070 | D:8      | Reached skill level 12 in Hexes
 11070 | D:8      | Killed a lindwurm
 11070 | D:8      | Reached *** piety under Okawaru
 11071 | D:8      | Reached skill level 10 in Ranged Weapons
 11078 | D:8      | Killed a lindwurm
 11172 | D:8      | Identified the +5 long sword of Upheaval {vorpal, Int+4}
 11407 | D:8      | Noticed Grum
 11412 | D:8      | Killed Grum
 11860 | D:9      | Noticed a boulder beetle
 11953 | D:9      | Killed a boulder beetle
 11953 | D:9      | Reached **** piety under Okawaru
 12459 | D:9      | Reached XP level 12. HP: 46/92 MP: 11/19
 12699 | D:9      | Found a runed translucent gate.
 12699 | D:9      | Found a runed translucent gate.
 12699 | D:9      | Found a runed translucent gate.
 12699 | D:9      | Noticed Wizop's ghost (novice MfAr)
 12864 | D:9      | Reached skill level 5 in Spellcasting
 12864 | D:9      | Reached ***** piety under Okawaru
 13249 | D:9      | Found a hazy altar of Hepliaklqana.
 13333 | D:9      | Noticed a two-headed ogre
 13340 | D:9      | Killed a two-headed ogre
 13462 | D:9      | Killed Wizop's ghost
 13463 | D:9      | Reached skill level 13 in Hexes
 13691 | D:10     | Entered Level 10 of the Dungeon
 13940 | D:10     | Identified the ring of Ruqoxt {rC+ rN+ rCorr}
 13968 | D:10     | Identified the +1 cloak of Context {-Cast Rampage Stlth+}
                  | (Okawaru gifted it to you on level 10 of the Dungeon)
 13968 | D:10     | Received a gift from Okawaru
 13972 | D:10     | Reached skill level 5 in Invocations
 14124 | D:10     | Found Seroikk's Tremendous Tomes.
 14333 | D:10     | Found a staircase to the Orcish Mines.
 14601 | D:10     | Found Ataessip's Book Shoppe.
 15401 | D:10     | Reached skill level 5 in Armour
 15629 | D:11     | Noticed a boulder beetle
 15909 | D:10     | Killed a boulder beetle
 16274 | D:11     | Reached XP level 13. HP: 79/100 MP: 13/21
 16937 | D:1      | Bought a +2 pair of gloves of dexterity for 215 gold pieces
 17262 | D:11     | Reached skill level 14 in Hexes
 17453 | D:11     | Found a staircase to the Lair.
 18041 | D:12     | Noticed Fannar
 18042 | D:12     | Noticed a rakshasa
 18054 | D:12     | Killed Fannar
 18069 | D:12     | Killed a rakshasa
 18672 | D:12     | Received a gift from Okawaru
 18786 | D:12     | Noticed Azrael
 18865 | D:12     | Killed Azrael
 19504 | D:12     | Found Fukur Mume's Jewellery Boutique.
 19882 | D:12     | Learned a level 7 spell: Enfeeble
 20031 | D:13     | Slain by a boulder beetle

Illustrated notes

Levels and vault maps discovered:
D:1:      saegor_arrival_fortress, layout_basic, serial_shops,
          nicolae_square_shop, serial_curves, eino_curves_01, eino_curves_02,
          eino_curves_01
D:2:      layout_basic, serial_shops, nicolae_shop_behind_doors
D:3:      layout_loops_corners, grunt_temple_overflow_open,
          ebering_ecumenical_altar_webs, minmay_misc_feat_more_columns,
          minmay_increasing_density
D:4:      layout_basic, ebering_ghost_disaster_area, gup_sewer_entry_bowl,
          uniq_duvessa, uniq_grinder, uniq_blork_the_orc
D:5:      layout_rooms, uniq_sigmund, uniq_eustachio, uniq_pikel
D:6:      layout_basic, mainiacjoe_overflow_boulevard, serial_demonic,
          serial_demonic_a, serial_demonic_d, serial_demonic_e,
          serial_demonic_c, serial_demonic_a, enter_ossuary_4
D:7:      layout_layer_cave, minmay_temple_entry_butterflies, serial_shops,
          shop, shop, kennysheep_generic_room_15
D:8:      layout_basic, minmay_lindwurm_lava, uniq_maurice, uniq_grum,
          uniq_maggie
D:9:      layout_loops_ring, nzn_hepliaklqana_mist_gate,
          ebering_ghost_rock_garden
D:10:     layout_roguey, david_orc_1_choice, serial_shops,
          nicolae_shop_temple_entry_statues_fountains, st_stairs_12,
          nicolae_shop_i_like_big_books
D:11:     layout_rooms, erik_lair_dragon
D:12:     layout_basic, minmay_shop_enchanted_jewellery, uniq_azrael,
          uniq_fannar
D:13:     layout_grid_maze
Temple:   bh_familiar_temple

Skill      XL: |  1  2  3  4  5  6  7  8  9 10 11 12 13 |
---------------+----------------------------------------+-----
Hexes          | 4 5 6 8 10 11 12 13 14 | 14.8
Fire Magic     | 1 2 3 |  3.0
Fighting       | 2 3 4 5 7 8 9 |  9.5
Ranged Weapons | 3 4 6 8 9 10 11 12 | 12.4
Spellcasting   | 2 3 4 5 6 |  6.8
Necromancy     | 3 4 |  4.0
Invocations    | 1 4 5 7 |  7.1
Armour         | 1 3 5 |  5.0
Dodging        | |  1.7

Action                   |  1- 3 |  4- 6 |  7- 9 | 10-12 | 13-15 || total
-------------------------+-------+-------+-------+-------+-------++-------
Melee: Sling             |       |       |     1 |     1 |       ||     2
 Fire: Sling             |    99 |   153 |   391 |   708 |   395 ||  1746
       Shortbow          |       |       |       |   144 |       ||   144
Throw: Dart              |       |       |     8 |       |       ||     8
       Throwing net      |       |       |     2 |       |       ||     2
 Cast: Slow              |     1 |    12 |    46 |    74 |    21 ||   154
       Inner Flame       |       |     3 |    19 |    52 |    13 ||    87
       Cause Fear        |       |       |     1 |    22 |     5 ||    28
       Portal Projectile |       |       |       |    11 |     3 ||    14
       Anguish           |       |       |       |     5 |     4 ||     9
Invok: Heroism           |       |       |       |     1 |     2 ||     3
       Finesse           |       |       |       |       |     1 ||     1
 Abil: Dig               |       |       |     1 |     1 |     1 ||     3
Evoke: Wand              |       |       |       |       |     1 ||     1
  Use: Scroll            |       |     5 |     3 |    10 |       ||    18
       Potion            |       |       |     3 |     1 |     4 ||     8
Armor: Robe              |    17 |    10 |    19 |    10 |       ||    56
       Acid dragon scale |       |       |       |    27 |    38 ||    65
Dodge: Dodged            |    30 |    62 |   230 |   181 |    74 ||   577
Block: Other             |       |    16 |       |       |       ||    16
       Orb               |       |     5 |    54 |    75 |    27 ||   161
       Reflection        |       |     1 |     2 |     5 |     1 ||     9

Table legend: (Time is in decaauts)
 A = Elapsed time spent in this place.
 B = Non-inter-level travel time spent in this place.
 C = Inter-level travel time spent in this place.
 D = Time resting spent in this place.
 E = Time spent auto-exploring this place.
 F = Levels seen in this place.
 G = Mean time per level.
                   A        B        C        D        E       F      G
               +--------+--------+--------+--------+--------+-----+--------+
         Total |  20184 |  19233 |    951 |   5345 |   9804 |  16 | 1261.5 |
       Dungeon |  17927 |  17043 |    884 |   4924 |   8800 |  13 | 1379.0 |
        Temple |    229 |    162 |     67 |      0 |    153 |   1 |  229.0 |
         Sewer |   1320 |   1320 |      0 |    245 |    696 |   1 | 1320.0 |
       Ossuary |    706 |    706 |      0 |    176 |    154 |   1 |  706.0 |
               +--------+--------+--------+--------+--------+-----+--------+

Top non-repeatable levels by time:
    D:10: 2340 daAuts
     D:4: 1939 daAuts
     D:8: 1926 daAuts
     D:9: 1865 daAuts
    D:12: 1810 daAuts
    D:11: 1562 daAuts
     D:7: 1477 daAuts
     D:3: 1325 daAuts
   Sewer: 1320 daAuts
     D:1: 976 daAuts
     D:2: 897 daAuts
     D:6: 873 daAuts
     D:5: 793 daAuts
 Ossuary: 706 daAuts
  Temple: 229 daAuts
